 Dungeon Crawl Stone Soup version 0.28.0-1-gb440e238dd (webtiles) character file.

Game seed: 14542108943729086054

112 lonewolfV2 the Chopper (level 4, -1/40 HPs)
             Began as a Hill Orc Fighter on Feb 20, 2022.
             Slain by Sigmund (7 damage)
             ... on level 2 of the Dungeon.
             The game lasted 00:02:08 (2250 turns).

lonewolfV2 the Chopper (Hill Orc Fighter)           Turns: 2250, Time: 00:02:08

Health: -1/40      AC:  7    Str: 20    XL:     4   Next: 95%
Magic:  4/4        EV: 13    Int:  8    God:
Gold:   80         SH:  4    Dex: 10    Spells: 3/3 levels left

rFire   . . .      SeeInvis .   a - +1 war axe
rCold   . . .      Faith    .   c - +0 buckler
rNeg    . . .      Spirit   .   b - +0 scale mail
rPois   .          Reflect  .   (no helmet)
rElec   .          Harm     .   (no cloak)
rCorr   .          Rampage  .   (no gloves)
Will    .....                   (no boots)
Stlth   ..........              (no amulet)
HPRegen 0.13/turn               f - +4 ring of evasion
MPRegen 0.09/turn               (no ring)

@: no status effects
A: no striking features
a: no special abilities


You were on level 2 of the Dungeon.
You visited 1 branch of the dungeon, and saw 2 of its levels.

You collected 80 gold pieces.

Inventory:

Hand Weapons
 a - a +1 war axe (weapon)
Armour
 b - a +0 scale mail (worn)
 c - a +0 buckler (worn)
Jewellery
 f - a +4 ring of evasion (left hand)
Scrolls
 h - a scroll of amnesia
Potions
 d - a potion of might
 e - a potion of attraction {unknown}
 g - a potion of degeneration {unknown}


   Skills:
 + Level 4.0 Fighting
 + Level 4.5 Axes
 + Level 4.0 Armour
 + Level 0.7 Dodging
 + Level 4.0 Shields


You had 3 spell levels left.
You didn't know any spells.
Your spell library contained the following spells:

 Spells                   Type           Power      Damage    Failure   Level
 Scorch                   Fire           0%         2d5       94%         2
 Flame Wave               Conj/Fire      0%         2d4       100%        4
 Summon Cactus Giant      Summ           0%         N/A       100%        6


Dungeon Overview and Level Annotations

Branches:
Dungeon (2/15)

Altars:

Annotations:
D:2 Sigmund


Message History

You hit the adder but do no damage. The adder bites you. The adder misses you.
You barely miss the adder. The adder barely misses you.
Sigmund hits you from afar with a +0 scythe.
You block the adder's attack.
You hit the adder.
The adder is lightly wounded.
You block the adder's attack. Sigmund barely misses you.
The adder bites you but does no damage.
You closely miss the adder.
The adder is lightly wounded.
The adder closely misses you.
Sigmund gestures wildly while chanting.
Sigmund flickers and vanishes!
Deactivating autopickup; reactivate with Ctrl-A.
You miss the adder.
The adder is lightly wounded.
You block the adder's attack. Something hits you! The adder closely misses you.
You hit the adder.
The adder is heavily wounded.
The adder misses you. Something hits you. You block the adder's attack.
You slash the adder!
You kill the adder!
Something barely misses you.
You hear some strange, mumbled words.
A puff of flame appears from out of thin air!
The puff of flame misses you. Something hits you. You block something's attack.
You block something's attack. Something hits you but does no damage.
Something hits you!
* * * LOW HITPOINT WARNING * * *
Something completely misses you.
A magic dart appears from out of thin air!
The magic dart hits you.
* * * LOW HITPOINT WARNING * * *
Something hits you.
* * * LOW HITPOINT WARNING * * *
Something hits you!
You die...

#.##.# ### #.#
#.##.# ##.## #.#
#.##.###.#.#####.#
#.#.#.#.#.........
#..###.....####.##
#.#.#.###.## #.#
#.##.## ### #.#
..# #.##.# #.#
#....#####@##)#
#.#
#$.......{....#
#.#
...(..........#
#.#
#..#########.##
#.# #. . #.# #.#
.. #.# #######.#
.. # #.......# #.
#.####### # ######
#.#


There were no monsters in sight!

Vanquished Creatures
  Natasha (D:2)
  3 adders (D:2)
  A worm (D:2)
  A dart slug (D:2)
  5 endoplasms
  3 giant cockroaches (D:1)
  3 goblins
  4 hobgoblins
  8 jackals
  4 quokkas
  5 ball pythons
  4 bats (D:1)
  2 frilled lizards (D:1)
  4 kobolds
  2 rats (D:1)
50 creatures vanquished.

Notes
Turn   | Place    | Note
-------+----------+-------------------------------------------
     0 | D:1      | lonewolfV2 the Hill Orc Fighter began the quest for the
                  | Orb.
     0 | D:1      | Reached XP level 1. HP: 19/19 MP: 1/1
   680 | D:1      | Reached XP level 2. HP: 22/27 MP: 2/2
   921 | D:1      | Reached XP level 3. HP: 33/33 MP: 3/3
  1617 | D:2      | Noticed Natasha
  1622 | D:2      | Reached XP level 4. HP: 35/40 MP: 4/4
  1623 | D:2      | Killed Natasha
  2224 | D:2      | Noticed Sigmund
  2250 | D:2      | Slain by Sigmund

Illustrated notes

Levels and vault maps discovered:
D:1:      lemuel_arrival_broad_hall, layout_rooms
D:2:      layout_loops_ring, minmay_split_cup_large, uniq_natasha, uniq_sigmund

Skill      XL: |  1  2  3  4 |
---------------+-------------+-----
Axes           | 3 4 |  4.5
Armour         | 4 |  4.0
Fighting       | 4 |  4.0
Shields        | 4 |  4.0
Dodging        | |  0.7

Action                   |  1- 3 |  4- 6 || total
-------------------------+-------+-------++-------
Melee: War axe           |    92 |    30 ||   122
  Use: Scroll            |     2 |       ||     2
Armor: Scale mail        |    42 |    23 ||    65
Dodge: Dodged            |    65 |    31 ||    96
Block: Buckler           |    31 |    13 ||    44
